 Dungeon Crawl Stone Soup version 0.20-a0-739-g6bb112f (webtiles) character file.

531 polly the Gusty (level 7, -1/53 HPs)
             Began as a White Draconian Air Elementalist on Feb 25, 2017.
             Slain by blobert's ghost (8 damage)
             ... on level 4 of the Dungeon.
             The game lasted 00:07:44 (4427 turns).

polly the Gusty (White Draconian Air Elementalist)  Turns: 4427, Time: 00:07:44

Health: -1/53      AC:  6    Str: 11    XL:     7   Next: 3%
Magic:  4/11       EV: 18    Int: 17    God:
Gold:   109        SH:  0    Dex: 16    Spells: 11/12 levels left

rFire    + . .     SeeInvis .   l - +0 broad axe
rCold    + + .     Gourm    .   (armour unavailable)
rNeg     . . .     Faith    .   (no shield)
rPois    +         Spirit   .   (helmet restricted)
rElec    +         Reflect  .   (no cloak)
rCorr    +         Harm     .   (no gloves)
MR       .....                  (no boots)
Stlth    +++.......             (no amulet)
Regen    0.2/turn               (no ring)
MPRegen  0.2/turn               (no ring)

@: agile, lethally poisoned (-1 -> -2), resistant, flying
A: breathe frost, unfitting armour, cold resistance 1, cold-blooded, AC +6
a: Breathe Frost


You were on level 4 of the Dungeon.
You were near starving.

You visited 1 branch of the dungeon, and saw 4 of its levels.

You collected 109 gold pieces.

Inventory:

Hand Weapons
 l - a +0 broad axe (weapon)
Jewellery
 m - an uncursed amulet of rage {unknown}
 w - a cursed amulet of inaccuracy {unknown}
Wands
 t - a wand of disintegration (15/24)
 v - a wand of scattershot (6/9)
 x - a wand of iceblast (12/15)
Scrolls
 c - a scroll of remove curse {unknown}
 e - a scroll of recharging {unknown}
 g - a scroll of identify {unknown}
 k - a scroll of enchant weapon {unknown}
 o - a scroll of teleportation {unknown}
 r - a scroll of amnesia {unknown}
Potions
 f - a potion of agility
 h - a potion of curing {unknown}
 i - a potion of heal wounds {unknown}
 j - a potion of flight
 n - a potion of ambrosia {unknown}
 q - a potion of cancellation {unknown}
 s - a potion of invisibility {unknown}
 u - a potion of lignification {unknown}
Books
 a - a book of Air

   Spells                             Type                      Level
   a - Shock                          Conjuration/Air              1
   b - Swiftness                      Charms/Air                   2
   c - Static Discharge               Conjuration/Air              3
   d - Airstrike                      Air                          4
   e - Lightning Bolt                 Conjuration/Air              5
Comestibles
 b - 2 bread rations
 p - 2 royal jellies


   Skills:
 + Level 1.6 Fighting
 + Level 3.4 Axes
 + Level 3.1 Dodging
 + Level 2.5 Stealth
 + Level 0.6 Unarmed Combat
 + Level 3.3 Spellcasting
 + Level 2.2 Conjurations
 + Level 4.4 Air Magic


You had 11 spell levels left.
You knew the following spells:

 Your Spells              Type           Power        Failure   Level  Hunger
a - Shock                 Conj/Air       ##..         4%          1    None


Dungeon Overview and Level Annotations

Branches:
Dungeon (4/15)
 Temple: D:4-7

Altars:
Dithmenos
Trog
Vehumet
Zin

Annotations:
D:4 blobert's ghost, novice MiFi


Innate Abilities, Weirdness & Mutations

You can breathe waves of freezing cold.
You can buffet flying creatures when you breathe cold.
Your icy white scales are hard. (AC +6)
You cannot fit into any form of body armour.
Your flesh is cold resistant. (rC+)
You are cold-blooded and may be slowed by cold attacks.


Message History

Confirm with . or Enter, or press ? or * to list all spells.
Aiming: Shock
Press: ? - help, Shift-Dir - straight line, f/p - blobert's ghost
Aim: blobert's ghost (lightly damaged)
The zap hits blobert's ghost.
Blobert's ghost is lightly damaged.
The zap hits the adder.
You kill the adder!
Blobert's ghost hits you!
* * * LOW HITPOINT WARNING * * *
It was a potion of flight.
You feel very buoyant.
You fly up into the air.
Blobert's ghost closely misses you.
You feel agile all of a sudden.
You feel sick.
Blobert's ghost hits you but does no damage.
It was a potion of resistance.
You feel protected. Blobert's ghost hits you!
You die...

##...## ##.##
#.## #..# ##.# ..
#.#####..##
#.#........ #.#.#
.# #.#@# .# #.#W#
<# #.#O# .# #
#.#.# .####%#
##.#†# .......
###....###.$O....
#........†.......
#................
#.###.###.......#


You could see an ogre and blobert's ghost.

Vanquished Creatures
  A phantom (D:4)
  A howler monkey (D:4)
  The ghost of shmesh the Covered, a weakling DsWn of Okawaru (D:3)
  A hound (D:4)
  3 orc wizards (D:4)
  3 worker ants (D:4)
  A hound skeleton (D:3)
  5 adders
  2 worms (D:3)
  3 dart slugs
  3 leopard geckos
  5 orcs (D:4)
  12 bats
  3 giant cockroaches
  6 hobgoblins
  4 jackals
  11 kobolds
  4 quokkas
  7 frilled lizards
  6 goblins
  9 rats
91 creatures vanquished.

Vanquished Creatures (others)
  2 orc wizards (D:4)
2 creatures vanquished.

Grand Total: 93 creatures vanquished

Notes
Turn   | Place    | Note
-------+----------+-------------------------------------------
     0 | D:1      | polly the Draconian Air Elementalist began the quest for the Orb.
     0 | D:1      | Reached XP level 1. HP: 14/14 MP: 3/3
   323 | D:1      | Reached XP level 2. HP: 20/20 MP: 0/5
   920 | D:1      | Reached XP level 3. HP: 27/27 MP: 2/6
  1436 | D:2      | Found a shadowy altar of Dithmenos.
  1885 | D:2      | Reached XP level 4. HP: 32/34 MP: 7/7
  2019 | D:2      | Found a glowing silver altar of Zin.
  2024 | D:2      | Found a bloodstained altar of Trog.
  2213 | D:3      | Reached skill level 1 in Axes
  2229 | D:3      | Noticed shmesh's ghost (weakling DsWn)
  2325 | D:3      | Killed shmesh's ghost
  2325 | D:3      | Reached XP level 5. HP: 20/39 MP: 8/8
  3354 | D:4      | Reached skill level 1 in Fighting
  3368 | D:4      | Reached skill level 4 in Air Magic
  3692 | D:4      | Reached XP level 6. HP: 34/47 MP: 1/10
  4127 | D:4      | Your scales start taking on an icy white colour.
  4127 | D:4      | Reached XP level 7. HP: 12/53 MP: 0/11
  4127 | D:4      | Gained mutation: Your flesh is cold resistant. (rC+) [White Draconian growth]
  4376 | D:4      | Found a radiant altar of Vehumet.
  4404 | D:4      | Noticed blobert's ghost (novice MiFi)
  4427 | D:4      | Slain by blobert's ghost

Vault maps used:
D:1:      dpeg_arrival_line_fractal, kennysheep_pointless_box
D:2:      kennysheep_big_flooded_room, nicolae_overflow_hidden_temple,
          first_bread
D:4:      lemuel_doored_altar, temple_hall

Skill      XL: |  1  2  3  4  5  6 |
---------------+-------------------+-----
Dodging        | 2 3 |  3.1
Stealth        | 2 |  2.5
Axes           | 1 2 3 |  3.4
Fighting       | 1 |  1.6
Air Magic      | 4 |  4.4
Spellcasting   | 3 |  3.3
Conjurations   | 2 |  2.2
Unarmed Combat | |  0.6

Action                   |  1- 3 |  4- 6 |  7- 9 || total
-------------------------+-------+-------+-------++-------
Melee: Unarmed           |    40 |       |       ||    40
       Tailslap          |     2 |    12 |       ||    14
       Broad axe         |    32 |   102 |     8 ||   142
 Cast: Shock             |    65 |    75 |     9 ||   149
 Abil: Breathe Frost     |       |       |     1 ||     1
  Use: Potion            |       |     1 |     3 ||     4
 Stab: Sleeping          |     2 |     6 |       ||     8
  Eat: Chunk             |     4 |     7 |       ||    11
Armor: Skin              |    45 |    46 |     4 ||    95
Dodge: Dodged            |    68 |   120 |    14 ||   202
